 Dungeon Crawl Stone Soup version 0.30-a0-1124-g6e8f0f562f (webtiles) character file.

Game seed: 15885095624387784532

2359 bande the Cleaver (level 9, -1/55 HPs)
             Began as a Gargoyle Fighter on Apr 24, 2023.
             Was a Follower of Okawaru.
             Killed from afar by a steam dragon (8 damage)
             ... with a ball of steam
             ... on level 7 of the Dungeon.
             The game lasted 00:13:23 (6456 turns).

bande the Cleaver (Gargoyle Fighter)                Turns: 6456, Time: 00:13:25

Health: -1/55      AC: 20    Str: 20    XL:     9   Next: 44%
Magic:  11/11      EV:  8    Int:  9    God:    Okawaru [*.....]
Gold:   1552       SH:  6    Dex: 19    Spells: 8/8 levels left

rFire   . . .        a - +0 war axe (elec)
rCold   . . .        c - +0 buckler
rNeg    + + .        t - +0 chain mail
rPois   ∞            o - +0 helmet
rElec   +            q - +1 cloak
rCorr   .            (no gloves)
SInv    .            (no boots)
Will    .....        (no amulet) Stlth
                     l - ring of positive energy
HPRegen 0.29/turn    m - +6 ring of dexterity
MPRegen 0.12/turn

%: no passive effects
@: no status effects
A: sickness immunity, AC +6, negative energy resistance 1, electricity
resistance, torment resistance 1, petrification resistance
a: Renounce Religion, Heroism


You were on level 7 of the Dungeon.
You worshipped Okawaru.
Okawaru was aware of your devotion.
You visited 2 branches of the dungeon, and saw 8 of its levels.

You collected 1612 gold pieces.
You spent 60 gold pieces at shops.

Inventory:

Hand Weapons
 a - a +0 war axe of electrocution (weapon)
 j - a +0 mace of protection
 n - a +0 flail
Armour
 c - a +0 buckler (worn)
 o - a +0 helmet (worn)
 q - a +1 cloak (worn)
 t - a +0 chain mail (worn)
Jewellery
 b - an amulet of magic regeneration
 l - a ring of positive energy (left hand)
 m - a +6 ring of dexterity (right hand)
Scrolls
 e - 3 scrolls of teleportation
 f - a scroll of blinking
 p - a scroll of poison
 u - a scroll of identify
 w - a scroll of fear
Potions
 d - 2 potions of might
 g - 3 potions of brilliance
 h - 2 potions of heal wounds
 i - a potion of resistance
 k - a potion of haste
 r - 2 potions of mutation
 s - a potion of berserk rage
 v - 2 potions of curing
 x - a potion of cancellation


   Skills:
 + Level 6.1 Fighting
 + Level 8.0 Axes
 + Level 7.1 Armour
 + Level 5.3 Shields
 * Level 3.2 Invocations


You had 8 spell levels left.
You didn't know any spells.
Your spell library contained the following spells:

 Spells                   Type           Power      Damage    Failure   Level
 Ensorcelled Hibernation  Hex/Ice        0%         N/A       99%         2
 Gell's Gravitas          Tloc           0%         N/A       100%        3
 Spider Form              Tmut/Pois      0%         N/A       100%        3
 Teleport Other           Tloc           0%         N/A       100%        3
 Anguish                  Hex/Necr       0%         N/A       100%        4
 Conjure Ball Lightning   Conj/Air       0%         3x3d6     100%        6
 Dispersal                Tloc           0%         N/A       100%        6
 Discord                  Hex            0%         N/A       100%        8
 Disjunction              Tloc           0%         N/A       100%        8


Dungeon Overview and Level Annotations

Branches:
Dungeon (7/15)             Temple (1/1) D:5

Altars:
Ashenzari
Dithmenos
Elyvilon
Gozag
Hepliaklqana
Kikubaaqudgha
Makhleb
Nemelex Xobeh
Okawaru
Qazlal
Ru
Sif Muna
Uskayaw
Vehumet
Xom
Yredelemnul
Zin
The Shining One

Shops:
D:3 *   D:4 =

Portals:
Bailey: D:7


Innate Abilities, Weirdness & Mutations

You are immune to sickness and miasma.
Your stone body is resilient. (AC +6)
You are immune to poison.
You resist negative energy. (rN+)
You are resistant to electric shocks. (rElec)
You are resistant to unholy torment.
You are immune to petrification.


Message History

Okawaru accepts your kill.
The orc priest hits you but does no damage.
You slash the orc priest!
The orc priest is severely wounded.
The orc priest mumbles some strange prayers to Beogh against you.
Beogh smites you!
You hit the orc priest but do no damage.
The orc priest is severely wounded.
The orc priest mumbles some strange prayers to Beogh against you.
Pain shoots through your body!
The orc priest hits you but does no damage.
You hit the orc priest.
The orc priest is almost dead.
The orc priest looks satisfied for a moment.
You barely miss the orc priest.
The orc priest is almost dead.
The orc priest hits you but does no damage.
Unknown command.
You slash the orc priest!
You kill the orc priest!
Okawaru accepts your kill.
You closely miss the steam dragon. The steam dragon bites you.
The steam dragon claws you.
You closely miss the steam dragon. The steam dragon breathes steam at you.
The ball of steam hits you!
* * * LOW HITPOINT WARNING * * *
You hear a shout!
You hit the steam dragon but do no damage.
You are engulfed in a cloud of scalding steam.
The steam dragon closely misses you. The steam dragon claws you.
* * * LOW HITPOINT WARNING * * *
You closely miss the steam dragon.
You are engulfed in a cloud of scalding steam.
* * * LOW HITPOINT WARNING * * *
You block the steam dragon's attack.
The steam dragon claws you but does no damage.
The steam dragon breathes steam at you. The ball of steam hits you!
You die...

*,,,............<.......,,,,
*****.###.....########..,,,,
*,* #...........,*,,,,,, *,*
#...#.######,*<,,,,,
#.###.........#*,*,**,,,
#.......#####.#*,*,,,,,,
####...§......#*,*****,*
#..#§#######*,***,,,,
#..#@#,,,,,,,,**,,,,*
#..#D#,,,,,,,,**,,,**
#.....,,,,,,,,,+,,,+,
#...)..,,,,,,,**,,,**
*..)∩)..,,,,,,**,,,*
#...)....,,,,,**,,,*
##........,,,,**,,,*
###.#.....,,,**,,,**
*,*,,,,,,,,**,,,,,


You could see a steam dragon (catching breath).

Vanquished Creatures
  Sigmund (D:3)
  Eustachio (D:6)
  A steam dragon (D:4)
  A water moccasin (D:5)
  A sky beast (D:6)
  Pargi (D:2)
  4 black bears
  An ogre (D:6)
  A phantom (D:4)
  A kobold brigand (D:6)
  A scorpion (D:6)
  3 wights (D:4)
  A howler monkey (D:5)
  8 hounds
  Crazy Yiuf (D:2)
  3 orc priests
  4 orc wizards
  4 iguanas
  Robin (D:3)
  8 adders
  A shadow imp (D:6)
  A white imp (D:7)
  An ufetubus (D:6)
  2 worms (D:2)
  3 dart slugs
  14 orcs
  5 ball pythons
  6 bats
  9 endoplasms
  2 giant cockroaches (D:2)
  16 goblins
  5 hobgoblins
  4 jackals (D:4)
  5 quokkas
  3 frilled lizards
  10 kobolds
  24 rats
158 creatures vanquished.

Notes
Turn   | Place    | Note
-------+----------+-------------------------------------------
     0 | D:1      | bande the Gargoyle Fighter began the quest for the Orb.
     0 | D:1      | Reached XP level 1. HP: 14/14 MP: 1/1
   352 | D:1      | Reached XP level 2. HP: 19/19 MP: 2/2
   417 | D:1      | Reached skill level 2 in Axes
   441 | D:1      | Found a faded altar of an unknown god.
   985 | D:1      | Reached XP level 3. HP: 24/24 MP: 3/3
  1424 | D:2      | Reached XP level 4. HP: 23/29 MP: 4/4
  1827 | D:2      | Found a runed translucent door.
  1828 | D:2      | Noticed Crazy Yiuf
  2031 | D:2      | Killed Crazy Yiuf
  2032 | D:2      | Reached skill level 3 in Axes
  2294 | D:3      | Noticed Pargi
  2303 | D:2      | Killed Pargi
  2304 | D:2      | Reached XP level 5. HP: 32/33 MP: 5/5
  2474 | D:3      | Noticed Robin
  2478 | D:3      | Reached skill level 4 in Axes
  2484 | D:3      | Reached XP level 6. HP: 33/38 MP: 6/6
  2496 | D:3      | Killed Robin
  2629 | D:3      | Found a burning altar of Makhleb.
  2732 | D:3      | Found Irgholl's General Store.
  2738 | D:3      | Bought a potion of heal wounds for 60 gold pieces
  2903 | D:3      | Noticed Sigmund
  2910 | D:3      | Killed Sigmund
  2911 | D:3      | Reached skill level 5 in Armour
  2911 | D:3      | Reached XP level 7. HP: 36/44 MP: 7/7
  3090 | D:3      | Identified the +1 robe of Nusujeh {Will+ Int+2 Archmagi}
  3287 | D:4      | Found Kuxzavom's Jewellery Emporium.
  3408 | D:4      | Reached skill level 5 in Axes
  4110 | D:4      | Noticed a steam dragon
  4121 | D:4      | Killed a steam dragon
  4122 | D:4      | Reached skill level 5 in Fighting
  4238 | D:4      | Reached skill level 6 in Axes
  4238 | D:4      | Reached XP level 8. HP: 44/49 MP: 8/8
  4348 | D:4      | Identified a scroll of acquirement
  4348 | D:4      | Acquired 1275 gold pieces
  4609 | D:5      | Entered Level 5 of the Dungeon
  4812 | D:5      | Found a staircase to the Ecumenical Temple.
  4822 | Temple   | Entered the Ecumenical Temple
  4822 | Temple   | Found a transporter.
  4822 | Temple   | Found a transporter.
  4824 | Temple   | Found a transporter.
  4824 | Temple   | Found a transporter.
  4868 | Temple   | Became a worshipper of Warmaster Okawaru
  5063 | D:5      | Reached skill level 1 in Invocations
  5076 | D:5      | Reached skill level 7 in Axes
  5370 | D:6      | Noticed Eustachio
  5393 | D:6      | Killed Eustachio
  5393 | D:6      | Reached * piety under Okawaru
  5394 | D:6      | Reached XP level 9. HP: 55/55 MP: 10/10
  5540 | D:6      | Reached skill level 5 in Shields
  6426 | D:7      | Reached skill level 8 in Axes
  6442 | D:7      | Found a flagged portal.
  6456 | D:7      | Killed from afar by a steam dragon

Illustrated notes

Levels and vault maps discovered:
D:1:      dpeg_arrival_snail, layout_basic, shapermc_ecumenical_altar_flowoftime
D:2:      layout_basic, grunt_decor_junction, uniq_crazy_yiuf_cottage
D:3:      layout_basic, overflow_temple_1_default, serial_shops, shop,
          serial_corexii_hall, corexii_hall_statues_t, corexii_hall_statues_l,
          chequers_hall_statues_y, corexii_hall_statues_x, minmay_rat_hole,
          uniq_robin, uniq_sigmund, uniq_pargi
D:4:      layout_basic, serial_shops, nicolae_shop_gaudy_bauble
D:5:      layout_rooms, temple_fountains, nicolae_hexahallways
D:6:      layout_basic, chequers_mini_garden, uniq_eustachio
D:7:      layout_basic, serial_shops, shop, enter_bailey_2, uniq_menkaure
Temple:   hellmonk_temple_divided_pantheon

Skill      XL: |  1  2  3  4  5  6  7  8  9 |
---------------+----------------------------+-----
Axes           | 2 3 4 6 7 8 |  8.0
Armour         | 4 5 6 7 |  7.1
Fighting       | 4 5 6 |  6.1
Shields        | 4 5 |  5.3
Invocations    | 2 3 |  3.2

Action                     |  1- 3 |  4- 6 |  7- 9 || total
---------------------------+-------+-------+-------++-------
  Melee: War axe           |    91 |    87 |   286 ||   464
    Use: Scroll            |     6 |     4 |    11 ||    21
         Potion            |       |       |     1 ||     1
 Armour: Scale mail        |    42 |    68 |       ||   110
         Chain mail        |       |       |   205 ||   205
  Dodge: Dodged            |    51 |    40 |    96 ||   187
  Block: Buckler           |    19 |    22 |    73 ||   114

Table legend: (Time is in decaauts)
 A = Elapsed time spent in this place.
 B = Non-inter-level travel time spent in this place.
 C = Inter-level travel time spent in this place.
 D = Time resting spent in this place.
 E = Time spent auto-exploring this place.
 F = Levels seen in this place.
 G = Mean time per level.
                   A        B        C        D        E       F      G
               +--------+--------+--------+--------+--------+-----+--------+
         Total |   6570 |   6312 |    258 |   1017 |   3921 |   8 |  821.2 |
       Dungeon |   6498 |   6240 |    258 |   1017 |   3920 |   7 |  928.3 |
        Temple |     71 |     71 |      0 |      0 |      1 |   1 |   71.0 |
               +--------+--------+--------+--------+--------+-----+--------+

Top non-repeatable levels by time:
     D:4: 1367 daAuts
     D:2: 1281 daAuts
     D:1: 1162 daAuts
     D:6: 1064 daAuts
     D:3: 884 daAuts
     D:5: 697 daAuts
  Temple: 71 daAuts
     D:7: 40 daAuts
